 Dungeon Crawl Stone Soup version 0.31-a0-369-g8eba5f6939 (webtiles) character file.

Game seed: 9564653831282541467

109 arthad the Covered (level 4, -11/29 HPs)
             Began as a Gargoyle Fighter on July 28, 2023.
             Mangled by an ogre
             ... wielding a +0 giant club
              (14 damage)
             ... on level 4 of the Dungeon.
             The game lasted 00:04:05 (2625 turns).

arthad the Covered (Gargoyle Fighter)               Turns: 2625, Time: 00:04:05

Health: -11/29     AC: 10    Str: 22    XL:     4   Next: 90%
Magic:  4/4        EV:  9    Int:  8    God:
Gold:   209        SH:  4    Dex:  9    Spells: 3/3 levels left

rFire   . . .        m - +0 mace of Understanding {vamp, rC+}
rCold   + . .        c - +0 buckler
rNeg    + . .        b - +0 scale mail
rPois   ∞            (no helmet)
rElec   +            (no cloak)
rCorr   +            (no gloves)
SInv    .            (no boots)
Will    .....        (no amulet) Stlth
                     g - ring of resist corrosion
HPRegen 0.24/turn    (no ring)
MPRegen 0.09/turn

%: no passive effects
@: no status effects
A: sickness immunity, AC +3, negative energy resistance 1, electricity
resistance, torment resistance 1, petrification resistance
a: no special abilities


You were on level 4 of the Dungeon.
You visited 1 branch of the dungeon, and saw 4 of its levels.

You collected 209 gold pieces.

Inventory:

Hand Weapons
 a - a +0 flail
 m - the +0 mace of Understanding (weapon) {vamp, rC+}
   (You found it on level 2 of the Dungeon)

   rC:        It protects you from cold.
Missiles
 e - 3 boomerangs
 k - 5 curare-tipped darts
 u - 6 poisoned darts
Armour
 b - a +0 scale mail (worn)
 c - a +0 buckler (worn)
Jewellery
 g - a ring of resist corrosion (left hand)
 o - an amulet of magic regeneration
Talismans
 v - a beast talisman
Scrolls
 i - a scroll of noise {unknown}
 j - a scroll of vulnerability {unknown}
 l - a scroll of identify {unknown}
 n - a scroll of immolation {unknown}
 q - a scroll of silence {unknown}
 s - a scroll of blinking {unknown}
 t - a scroll of teleportation {unknown}
Potions
 d - 3 potions of might
 f - a potion of attraction {unknown}
 h - 2 potions of brilliance {unknown}
 p - a potion of haste {unknown}
 r - 2 potions of enlightenment {unknown}


   Skills:
 * Level 4.2 Fighting
 * Level 2.9 Maces & Flails
 * Level 4.3 Armour
 + Level 3.7 Shields


You had 3 spell levels left.
You didn't know any spells.
Your spell library contained the following spells:

 Spells                   Type           Power      Damage    Failure   Level
 Necrotise                Necr           0%         1d4       80%         1
 Vampiric Draining        Necr           0%         2d6       99%         3
 Agony                    Necr           0%         N/A       100%        5


Dungeon Overview and Level Annotations

Branches:
Dungeon (4/15)
 Temple: D:4-7

Altars:
Hepliaklqana


Innate Abilities, Weirdness & Mutations

You are immune to sickness and miasma.
Your stone body is resilient. (AC +3)
You are immune to poison.
You resist negative energy. (rN+)
You are resistant to electric shocks. (rElec)
You are resistant to unholy torment.
You are immune to petrification.


Message History

The phantom hits you.
The phantom blinks!
You blink.
An orc and an orc priest come into view.
Found 7 gold pieces.
The ogre barely misses you.
The phantom hits you but does no damage.
The orc shouts!
You hit the phantom but do no damage.
The phantom is moderately damaged.
You hear a shout! x2
A hobgoblin comes into view.
The phantom hits you but does no damage.
The ogre barely misses you.
You miss the phantom.
The phantom is moderately damaged.
The phantom hits you but does no damage.
The orc hits you but does no damage. The jelly barely misses you.
The orc priest looks braver for a moment.
You hit the phantom but do no damage.
The phantom is moderately damaged.
The orc hits you with a +0 club. The jelly hits you.
You are splashed with acid.
You resist. The ogre hits you with a +0 giant club!
Ouch! That really hurt!
* * * LOW HITPOINT WARNING * * *
The phantom barely misses you.
The phantom hits you but does no damage.
The orc hits you but does no damage. You block the jelly's attack.
An orc priest comes into view. It is wielding a +0 short sword.
You are too injured to fight recklessly!
You are too injured to fight recklessly!
You are too injured to fight recklessly!
You are too injured to fight recklessly!
You are too injured to fight recklessly!
You are too injured to fight recklessly!
You are too injured to fight recklessly!
You are too injured to fight recklessly!
Okay, then.
Okay, then.
Unknown command.
The orc priest casts a cantrip, but nothing happens.
The ogre hits you with a +0 giant club!
You die...

. #...#......
......#...#......
......#...#$g....
......###'#..o..o
#..........o....
#.............$.
#.......oJ##
#.......O.#
#.......W@#
+.........#
#.........#
#....##+### #....
#.... #... #...


You could see an ogre, a phantom, a jelly, an orc and a hobgoblin.

Vanquished Creatures
  3 adders (D:2)
  3 dart slugs (D:2)
  2 orcs
  2 endoplasms
  2 giant cockroaches
  9 goblins
  10 hobgoblins
  3 jackals (D:1)
  8 kobolds
  4 quokkas
  9 ball pythons
  5 bats
  A frilled lizard (D:2)
  7 rats
68 creatures vanquished.

Notes
Turn   | Place    | Note
-------+----------+-------------------------------------------
     0 | D:1      | arthad the Gargoyle Fighter began the quest for the Orb.
     0 | D:1      | Reached XP level 1. HP: 14/14 MP: 1/1
   125 | D:1      | Reached XP level 2. HP: 16/19 MP: 2/2
   450 | D:1      | Reached XP level 3. HP: 21/24 MP: 3/3
   944 | D:2      | Identified the +0 mace of Understanding {vamp, rC+}
  1034 | D:2      | Reached XP level 4. HP: 27/29 MP: 4/4
  1309 | D:2      | Found a hazy altar of Hepliaklqana.
  1912 | D:3      | Found a faded altar of an unknown god.
  2612 | D:4      | Noticed a phantom
  2617 | D:4      | Noticed an ogre
  2625 | D:4      | Mangled by an ogre

Illustrated notes

Levels and vault maps discovered:
D:1:      dpeg_arrival_brainrot, layout_loops_ring
D:2:      layout_basic, basic_altar, minmay_pentomino_q4
D:3:      layout_loops_corners, hellmonk_ecumenical_altar_zigzags, minivault_25,
          minmay_crystal_water
D:4:      layout_gridville, minmay_bent, uniq_duvessa

Skill      XL: |  1  2  3 |
---------------+----------+-----
Fighting       | 4 |  4.2
Armour         | 4 |  4.3
Maces & Flails | |  2.9
Shields        | |  3.7

Action                     |  1- 3 |  4- 6 || total
---------------------------+-------+-------++-------
  Melee: Flail             |   106 |       ||   106
         Mace              |    23 |    98 ||   121
 Armour: Scale mail        |    61 |    57 ||   118
  Dodge: Dodged            |    70 |    56 ||   126
  Block: Buckler           |    31 |    24 ||    55

Table legend: (Time is in decaauts)
 A = Elapsed time spent in this place.
 B = Non-inter-level travel time spent in this place.
 C = Inter-level travel time spent in this place.
 D = Time resting spent in this place.
 E = Time spent auto-exploring this place.
 F = Levels seen in this place.
 G = Mean time per level.
                   A        B        C        D        E       F      G
               +--------+--------+--------+--------+--------+-----+--------+
         Total |   2691 |   2582 |    109 |      0 |   2088 |   4 |  672.8 |
       Dungeon |   2691 |   2582 |    109 |      0 |   2088 |   4 |  672.8 |
               +--------+--------+--------+--------+--------+-----+--------+

Top non-repeatable levels by time:
     D:3: 939 daAuts
     D:1: 936 daAuts
     D:2: 715 daAuts
     D:4: 99 daAuts
